 Dungeon Crawl Stone Soup version 0.29.0-4-gdea44cf6ec (webtiles) character file.

Game seed: 7102101346827745432

28 qw the Chopper (level 3, -1/21 HPs)
             Began as a Tengu Warper on Aug 28, 2022.
             Slain by a worm (6 damage)
             ... on level 2 of the Dungeon.
             The game lasted 00:00:06 (1472 turns).

qw the Chopper (Tengu Warper)                       Turns: 1472, Time: 00:00:07

Health: -1/21      AC:  3    Str: 13    XL:     3   Next: 12%
Magic:  7/7        EV: 12    Int: 13    God:
Gold:   43         SH:  0    Dex: 13    Spells: 6/6 levels left

rFire   . . .      SeeInvis .   Y - +0 hand axe
rCold   . . .      Faith    .   (no shield)
rNeg    . . .      Spirit   .   b - +0 leather armour
rPois   .          Reflect  .   (helmet restricted)
rElec   .          Harm     .   (no cloak)
rCorr   .          Rampage  .   (no gloves)
Will    .....                   (boots unavailable)
Stlth   +.........              (no amulet)
HPRegen 0.07/turn               (no ring)
MPRegen 0.10/turn               (no ring)

@: no status effects
A: beak, talons 3
a: no special abilities


You were on level 2 of the Dungeon.
You visited 1 branch of the dungeon, and saw 2 of its levels.

You collected 122 gold pieces.
You spent 79 gold pieces at shops.


Innate Abilities, Weirdness & Mutations

You have a beak for a mouth.
You have claws for feet.


   Skills:
 - Level 2.0 Fighting
 + Level 3.9 Axes
 - Level 1.0 Throwing
 - Level 1.1 Armour
 - Level 2.1 Dodging
 - Level 2.0 Spellcasting
 - Level 2.4 Translocations


You had 6 spell levels left.
You didn't know any spells.
Your spell library contained the following spells:

 Spells                   Type           Power      Damage    Failure   Level
 Blink                    Tloc           14%        N/A       19%         2
 Gell's Gravitas          Tloc           7%         N/A       36%         3
 Lesser Beckoning         Tloc           7%         N/A       36%         3
 Teleport Other           Tloc           7%         N/A       36%         3
 Manifold Assault         Tloc           7%         N/A       98%         5

Inventory:

Hand Weapons
 k - a +0 flail
 Y - a +0 hand axe (weapon)
Armour
 b - a +0 leather armour (worn)
Scrolls
 a - a scroll of silence {unknown}
 f - 4 scrolls of identify
Potions
 e - a potion of resistance {unknown}
 g - a potion of curing {unknown}
 i - a potion of berserk rage {unknown}

Dungeon Overview and Level Annotations

Branches:
Dungeon (2/15)

Altars:

Shops:
D:1 ([*


Message History

You start resting.
HP restored.
f - 3 scrolls of identify (gained 2)
f - 4 scrolls of identify (gained 1)
Found a stone staircase leading down.
A worm comes into view.
You see here a scroll labelled CAMO ATOCEQU.
You hit the worm. You claw the worm. You peck the worm.
The worm is severely wounded.
You hit the worm but do no damage. You claw the worm.
The worm is almost dead.
The worm misses you.
You hit the worm but do no damage. You claw the worm.
You peck the worm, but do no damage.
The worm is almost dead.
The worm closely misses you.
You hit the worm.
You kill the worm!
a - a scroll labelled CAMO ATOCEQU You now have 43 gold pieces (gained 12).
A worm comes into view.
Enter note: You completely miss the worm.
The worm bites you.
You barely miss the worm. You hit the worm.
The worm is lightly wounded.
The worm bites you!
You hit the worm.
The worm is moderately wounded.
The worm closely misses you.
You hit the worm. You claw the worm, but do no damage. You peck the worm.
The worm is severely wounded.
You hit the worm.
The worm is almost dead.
The worm bites you.
You hit the worm but do no damage.
The worm is almost dead.
The worm bites you.
You die...

##
#.#################
#.@...............#
#w###############.#
#. #.# #. #.# ..
#.# ############
#.# #........# #.#
# #........######..
#.
#................


You could see a worm.

Vanquished Creatures
  A worm (D:2)
  2 dart slugs (D:1)
  2 ball pythons
  3 endoplasms
  A hobgoblin (D:1)
  2 kobolds (D:1)
  A quokka (D:2)
  2 bats
  A frilled lizard (D:1)
  6 goblins (D:1)
  A rat (D:1)
22 creatures vanquished.

Vanquished Creatures (others)
  2 plants (D:1)
2 creatures vanquished.

Grand Total: 24 creatures vanquished

Notes
Turn   | Place    | Note
-------+----------+-------------------------------------------
     0 | D:1      | qw the Tengu Warper began the quest for the Orb.
     0 | D:1      | Reached XP level 1. HP: 12/12 MP: 4/4
     0 | D:1      | 0 ||| qw: Version: 0.1-a-89-g26bdef1
     0 | D:1      | 0 ||| qw: Game counter: 2147
     0 | D:1      | 0 ||| qw: Always use a shield: true
     0 | D:1      | 0 ||| qw: God list: Okawaru
     0 | D:1      | 0 ||| qw: Allow faded altars: false
     0 | D:1      | 0 ||| qw: Do Orc after D:15 true
     0 | D:1      | 0 ||| qw: Do second Lair branch before Depths: true
     0 | D:1      | 0 ||| qw: Lair rune preference: random
     0 | D:1      | 0 ||| qw: Plans: Normal
     0 | D:1      | 0 ||| PLANNING D:1-11
   142 | D:1      | Found a faded altar of an unknown god.
   202 | D:1      | Reached skill level 3 in Axes
   202 | D:1      | Reached XP level 2. HP: 11/17 MP: 6/6
   270 | D:1      | 270 ||| Stepping ~*~*~tactically~*~*~ (stealth).
   271 | D:1      | 271 ||| Stepping ~*~*~tactically~*~*~ (stealth).
   272 | D:1      | 272 ||| Stepping ~*~*~tactically~*~*~ (stealth).
   273 | D:1      | 273 ||| Stepping ~*~*~tactically~*~*~ (stealth).
   274 | D:1      | 274 ||| Stepping ~*~*~tactically~*~*~ (stealth).
   479 | D:1      | Found Osuug's Assorted Antiques.
   493 | D:1      | 493 ||| SHOPLISTING encrusted tourmaline ring (115 gold,
                  | have 31).
   493 | D:1      | 493 ||| BUYING fizzy black potion (20 gold).
   493 | D:1      | Bought a fizzy black potion for 20 gold pieces
   493 | D:1      | 493 ||| SHOPLISTING scroll labelled ULACOG ZEADWAR (23
                  | gold, have 11).
   493 | D:1      | 493 ||| SHOPLISTING twisted scale mail (207 gold, have 11).
   493 | D:1      | 493 ||| SHOPLISTING war axe (80 gold, have 11).
   493 | D:1      | 493 ||| SHOPLISTING whip (57 gold, have 11).
   687 | D:1      | Found Uthapuss's Antique Weapon Shoppe.
   692 | D:1      | 692 ||| BUYING flail (59 gold).
   692 | D:1      | Bought a flail for 59 gold pieces
   692 | D:1      | 692 ||| SHOPLISTING war axe (59 gold, have 1).
   692 | D:1      | 692 ||| DROPPING +0 club.
  1027 | D:1      | Found Disasu's Antique Armour Emporium.
  1041 | D:1      | 1041 ||| SHOPLISTING chain mail (72 gold, have 1).
  1041 | D:1      | 1041 ||| SHOPLISTING glowing ring mail (112 gold, have 1).
  1041 | D:1      | 1041 ||| SHOPLISTING ring mail (64 gold, have 1).
  1253 | D:1      | 1253 ||| READING scroll labelled OTHUXO CAKHAOK.
  1257 | D:1      | 1257 ||| READING 2 scrolls labelled IGIGENKANE.
  1258 | D:1      | 1258 ||| READING scroll labelled COTADE WAFEM.
  1259 | D:1      | 1259 ||| READING scroll labelled EHECAR MOFFICO.
  1260 | D:1      | 1260 ||| DROPPING scroll of blinking.
  1382 | D:2      | Reached XP level 3. HP: 19/21 MP: 7/7
  1471 | D:2      | HP: 4/21 [worm (5)]
  1472 | D:2      | Slain by a worm

Levels and vault maps discovered:
D:1:      minmay_arrival_stair_chambers, layout_loops_cross,
          basic_ecumenical_altar, serial_forest, infiniplex_forest_lined_3_way,
          infiniplex_forest_end_2, infiniplex_forest_clump_tiny,
          infiniplex_forest_end_2, infiniplex_forest_end_double,
          infiniplex_forest_lined_corner, infiniplex_forest_lined_2,
          serial_shops, shop, nicolae_shop_window_shopping, shop
D:2:      layout_basic, uniq_sigmund

Skill      XL: |  1 |
---------------+----+-----
Axes           | 3 |  3.9
Fighting       | |  2.0
Throwing       | |  1.0
Armour         | |  1.1
Dodging        | |  2.1
Spellcasting   | |  2.0
Translocations | |  2.4

Action                   || total
-------------------------++-------
Melee: Hand axe          ||    55
       Kick              ||    17
       Peck              ||    10
Throw: Boomerang         ||     7
  Use: Scroll            ||     4
Armor: Leather armour    ||     5
Dodge: Dodged            ||    27

Table legend:
 A = Non-vault XP
 B = Vault XP
 C = Vault XP percentage of total XP
 D = Non-vault monster count
 E = Vault monster count
 F = Vault count percentage of total count
                 A         B        C        D         E       F
            +---------+---------+-------+---------+---------+-------
      Total |      40 |       0 |   0.0 |      22 |       0 |   0.0
            +---------+---------+-------+---------+---------+-------
        D:1 |      29 |       0 |   0.0 |      17 |       0 |   0.0
        D:2 |      11 |       0 |   0.0 |       5 |       0 |   0.0
            +---------+---------+-------+---------+---------+-------
